 Dungeon Crawl Stone Soup version 0.28.0-53-g5a82cb258f (webtiles) character file.

Game seed: 15616443778904393170

424 hawla the Grave Robber (level 6, 0/28 HPs)
             Began as a Felid Fire Elementalist on May 22, 2022.
             Slain by an ogre
             ... wielding a +0 giant club
              (28 damage)
             ... on level 5 of the Dungeon.
             The game lasted 00:21:59 (10119 turns).

hawla the Grave Robber (Felid Fire Elementalist)   Turns: 10119, Time: 00:22:00

Health: 0/28       AC:  2    Str:  4    XL:     6   Next: 64%
Magic:  3/10       EV: 19    Int: 18    God:
Gold:   231        SH:  0    Dex: 17    Spells: 0/9 levels left
                                        Lives:  0   Deaths: 2

rFire   . . .      SeeInvis +     - Unarmed
rCold   + . .      Faith    .   (shield unavailable)
rNeg    . . .      Spirit   .   (armour unavailable)
rPois   .          Reflect  .   (helmet unavailable)
rElec   .          Harm     .   (cloak unavailable)
rCorr   .          Rampage  .   (gloves unavailable)
Will    +....                   (boots unavailable)
Stlth   ++........              (no amulet)
HPRegen 0.09/turn               b - ring of protection from cold
MPRegen 0.12/turn               d - ring of willpower

@: very slightly contaminated, quick
A: very small, claws 1, fangs 3, see invisible, speed 1, shaggy fur 2, stealthy
paws, no weapons or thrown items, no armour, multi-lived, robust 1, wild magic
1, MP-powered wands
a: no special abilities


You were on level 5 of the Dungeon.
You visited 1 branch of the dungeon, and saw 6 of its levels.
You also visited: Ossuary.

You collected 231 gold pieces.

Inventory:

Jewellery
 b - a ring of protection from cold (left paw)
 d - a ring of willpower (right paw)
 f - a ring of fire
Scrolls
 g - a scroll of teleportation
 h - a scroll of fear
 j - a scroll of enchant weapon {unknown}
 l - a scroll of identify {unknown}
 m - a scroll of acquirement {unknown}
 n - a scroll of amnesia
Potions
 a - a potion of berserk rage
 c - a potion of degeneration {unknown}
 e - a potion of haste
 i - a potion of cancellation
 k - a potion of curing


   Skills:
 + Level 1.6 Fighting
 + Level 4.5 Dodging
 - Level 3.0 Stealth
 + Level 2.2 Unarmed Combat
 - Level 2.4 Spellcasting
 + Level 3.2 Conjurations
 * Level 5.9 Necromancy
 + Level 4.9 Fire Magic
 + Level 1.9 Air Magic


You couldn't memorise any spells.
You knew the following spells:

 Your Spells              Type           Power      Damage    Failure   Level
a - Foxfire               Conj/Fire      88%        2x1d8     5%          1
b - Scorch                Fire           52%        2d7       6%          2
c - Static Discharge      Conj/Air       14%        N/A       13%         2
d - Dispel Undead         Necr           30%        3d14      22%         4

Your spell library contained the following spells:

 Spells                   Type           Power      Damage    Failure   Level
 Magic Dart               Conj           72%        1d6       8%          1
 Conjure Flame            Conj/Fire      22%        6-21      14%         3
 Sandblast                Erth           4%         2d4       24%         1
 Inner Flame              Hex/Fire       14%        N/A       26%         3
 Call Imp                 Summ           2%         N/A       34%         2
 Passwall                 Tmut/Erth      1%         N/A       34%         2
 Mephitic Cloud           Conj/Pois/Air  10%        N/A       34%         3
 Stone Arrow              Conj/Erth      20%        3d8       34%         3
 Flame Wave               Conj/Fire      22%        2d7       41%         4
 Sticky Flame             Conj/Fire      22%        2d4       41%         4
 Call Canine Familiar     Summ           2%         N/A       54%         3
 Leda's Liquefaction      Hex/Erth       1%         N/A       90%         4
 Lee's Rapid Deconstruct  Erth           1%         3d5*      99%         5
 Statue Form              Tmut/Erth      1%         N/A       100%        6
 Portal Projectile        Hex/Tloc       Unusable   N/A       N/A         3

Dungeon Overview and Level Annotations

Branches:
Dungeon (6/15)            Ossuary (visited)
 Temple: D:4-7

Altars:
Uskayaw
Beogh

Shops:
D:1 (

Annotations:
D:3 3 runed translucent doors, ShadowYui's ghost, amateur OgFi
D:4 4 runed translucent doors
D:5 2 runed translucent doors, Duvessa; nickcage's ghost, amateur MiGl


Innate Abilities, Weirdness & Mutations

You have sharp claws.
You have razor-sharp teeth.
You have supernaturally acute eyesight. (SInv)
You cover ground quickly. (Speed+)
You are covered in thick fur. (AC +2)
Your paws help you pounce on unaware monsters.
You are incapable of wielding weapons or throwing items.
You cannot wear armour.
You gain extra lives every three experience levels.
You are robust. (+10% HP)
Your spells are a little harder to cast, but a little more powerful.
You expend magic power (3 MP) to strengthen your wands.


Message History

An ogre comes into view. It is wielding a +0 giant club.
There is an open door here.
Casting: Foxfire (safe; 5% risk of failure)
Confirm with . or Enter, or press ? or * to list all spells.
You conjure some foxfire!
You hear a shout!
Casting: Foxfire (safe; 5% risk of failure)
Confirm with . or Enter, or press ? or * to list all spells.
You conjure some foxfire!
The foxfire hits the ogre.
The ogre is lightly wounded.
The ogre shouts!
Casting: Foxfire (safe; 5% risk of failure)
Confirm with . or Enter, or press ? or * to list all spells.
You conjure some foxfire!
Your foxfire dissipates!
The foxfire hits the ogre.
The ogre is moderately wounded.
The foxfire hits the ogre.
The ogre is heavily wounded.
You hear a shout!
Casting: Foxfire (safe; 5% risk of failure)
Confirm with . or Enter, or press ? or * to list all spells.
You conjure some foxfire!
Casting: Foxfire (safe; 5% risk of failure)
Confirm with . or Enter, or press ? or * to list all spells.
You miscast Scorch.
You are very lightly contaminated with residual magic.
Nothing appears to happen.
The foxfire hits the ogre but does no damage.
The ogre is heavily wounded.
The foxfire hits the ogre.
The ogre is heavily wounded.
Casting: Scorch (safe; 6% risk of failure)
Confirm with . or Enter, or press ? or * to list all spells.
Flames lash the ogre.
The ogre is almost dead.
The ogre's fire resistance burns away.
The ogre hits you with a +0 giant club!!
Ouch! That really hurt!
You die...

#####,,,,,,,,+..'.._..+,,+,*
.<..#,,,,,,,*#..#.....#,,*,*
....#,,,,,,,*#..#'###+#,,*,*
....#,,,,,,,,#..#.....#,,*,*
....#,,,,,,,,+##'##+##+**+,*
....#******,,#.))..#,,,,,***
...[# *.,,,#v....#,,,,,*
##### *....###'##+**+*** *
*......O@#*,**,*
*********.......##*,,,,*
,,,,,,,,*.......* ****,*
,,,,,,,,*.....##* *,*
,,,,,,,,*.....* *,*
,,,,,,,,*....,* *,*
,,,,,,,,*....,* *,*
,,,,,,,,*...,,* *,*
,,,,,,,,,,,,,,* *,*


You could see an ogre (combustible).

Vanquished Creatures
  A necrophage (D:5)
  A bullfrog (D:4)
  8 scorpions
  Dowan (D:5)
  A wight (D:4)
  A centaur zombie (Ossuary)
  A jelly (D:4)
  A centaur skeleton (D:6)
  2 human zombies (Ossuary)
  An orc wizard (D:5)
  An iguana (D:5)
  3 scorpion zombies (Ossuary)
  A hound skeleton (D:4)
  3 mummies (Ossuary)
  A howler monkey skeleton (D:5)
  12 adders
  2 ufetubi
  An adder skeleton (D:4)
  A worm (D:4)
  2 dart slugs
  10 orcs
  9 ball pythons
  4 bats
  5 endoplasms
  3 giant cockroaches
  3 gnoll zombies (Ossuary)
  4 goblins
  6 hobgoblins
  10 jackals (D:3)
  4 quokkas
  A frilled lizard (D:1)
  A goblin zombie (Ossuary)
  4 hobgoblin zombies (Ossuary)
  5 kobolds
  3 kobold zombies (Ossuary)
  3 orc zombies (Ossuary)
  3 rats (D:3)
123 creatures vanquished.

Vanquished Creatures (others)
  208 foxfires
208 creatures vanquished.

Grand Total: 331 creatures vanquished

Notes
Turn   | Place    | Note
-------+----------+-------------------------------------------
     0 | D:1      | hawla the Felid Fire Elementalist began the quest for the
                  | Orb.
     0 | D:1      | Reached XP level 1. HP: 7/7 MP: 4/4
   202 | D:1      | Found Finohiu's Antique Weapon Emporium.
  1105 | D:1      | Reached XP level 2. HP: 10/11 MP: 6/6
  1108 | D:1      | Learned a level 2 spell: Scorch
  1715 | D:2      | Reached XP level 3. HP: 12/14 MP: 1/7
  2667 | D:2      | Learned a level 2 spell: Static Discharge
  2697 | D:3      | Reached skill level 1 in Conjurations
  3049 | D:3      | Reached skill level 1 in Fighting
  3067 | D:3      | Reached XP level 4. HP: 14/19 MP: 0/8
  3407 | D:3      | Noticed a scorpion
  3416 | D:3      | Killed a scorpion
  3417 | D:3      | Reached skill level 1 in Unarmed Combat
  3418 | D:3      | HP: 1/28 [poisoned by a scorpion]
  3790 | D:3      | Reached XP level 5. HP: 22/22 MP: 4/9
  3979 | D:3      | Found a runed translucent gate.
  3980 | D:3      | Found a runed translucent gate.
  3980 | D:3      | Noticed ShadowYui's ghost (amateur OgFi)
  3981 | D:3      | Found a runed translucent gate.
  3982 | D:3      | Identified the +4 short sword of Wewoot {pain, rF- Will+++
                  | Str+8}
  3982 | D:3      | Identified the +1 leather armour of Zogup {rC++}
  4801 | D:4      | Found a large runed translucent door.
  4801 | D:4      | Found a large runed translucent door.
  4815 | D:4      | Reached skill level 1 in Air Magic
  5436 | D:4      | Found a large runed translucent door.
  5437 | D:4      | Found a large runed translucent door.
  5619 | D:4      | Gained mutation: You are covered in thick fur. (AC +2)
                  | [Felid growth]
  5619 | D:4      | Reached XP level 6. HP: 13/25 MP: 2/10
  6754 | D:5      | Entered Level 5 of the Dungeon
  6763 | D:5      | Learned a level 4 spell: Dispel Undead
  6791 | D:5      | Found a sand-covered staircase.
  6803 | D:5      | Noticed Duvessa
  6806 | D:5      | Noticed Dowan
  7302 | D:5      | Found a large runed translucent door.
  7302 | D:5      | Found a large runed translucent door.
  7304 | D:5      | Noticed nickcage's ghost (amateur MiGl)
  7315 | Ossuary  | Entered an ossuary
  7539 | Ossuary  | Reached skill level 1 in Necromancy
  7697 | Ossuary  | Reached skill level 2 in Necromancy
  7977 | Ossuary  | Reached XP level 7. HP: 27/28 MP: 9/11
  8034 | Ossuary  | Reached skill level 3 in Necromancy
  8261 | Ossuary  | Reached skill level 4 in Necromancy
  8274 | Ossuary  | HP: 1/28 [mummy (18)]
  8910 | Ossuary  | Reached skill level 5 in Necromancy
  8915 | Ossuary  | HP: 2/42 [poisoned by a scorpion]
  9336 | Ossuary  | Reached XP level 8. HP: 24/32 MP: 2/12
  9498 | D:5      | Killed Dowan
  9640 | D:6      | Gained mutation: You expend magic power (3 MP) to
                  | strengthen your wands. [potion of mutation]
  9640 | D:6      | Gained mutation: You are robust. (+10% HP) [potion of
                  | mutation]
  9640 | D:6      | Gained mutation: Your spells are a little harder to cast,
                  | but a little more powerful. [potion of mutation]
  9640 | D:6      | HP: 1/35 [centaur (2)]
  9655 | D:6      | HP: 1/35 [bullfrog (2)]
  9655 | D:6      | Slain by a centaur
  9656 | D:6      | Reached XP level 7. HP: 0/30 MP: 1/11
  9785 | D:5      | Identified the +5 ring mail of Hairiness {Harm Dex+4
                  | Stlth+}
  9866 | D:5      | Mangled by Duvessa
  9867 | D:5      | Reached XP level 6. HP: -12/27 MP: 2/10
 10033 | D:5      | Found a hide-covered altar of Uskayaw.
 10119 | D:5      | Slain by an ogre

Illustrated notes

Levels and vault maps discovered:
D:1:      erik_arrival_blinker_ship, layout_basic, serial_shops,
          nicolae_shop_behind_doors, corexii_leaking_fountain, minmay_tromino_i2
D:2:      layout_rooms
D:3:      layout_basic, biasface_ghost_orc_armoury, serial_rivers,
          chequers_serial_rivers_micro_a, chequers_serial_rivers_marsh,
          chequers_serial_rivers_micro_b, chequers_serial_rivers_room_a,
          chequers_serial_rivers_large_b, chequers_serial_rivers_micro_b
D:4:      kennysheep_six_static_rooms, layout_cave_pods,
          minmay_hollow_rounded_squares
D:5:      minmay_clustersquares, layout_basic, mainiacjoe_overflow_24_doors,
          ebering_ghost_disaster_area, nicolae_ossuary_entry_false_entrances,
          uniq_duvessa, uniq_sigmund
D:6:      layout_rooms, uniq_eustachio, uniq_crazy_yiuf_cottage

Skill      XL: |  1  2  3  4  5  6  7  8 |
---------------+-------------------------+-----
Fire Magic     | 3 4 |  4.9
Dodging        | 3 4 |  4.5
Stealth        | 3 |  3.0
Conjurations   | 1 2 3 |  3.2
Fighting       | 1 |  1.6
Unarmed Combat | 1 2 |  2.2
Air Magic      | 1 |  1.9
Necromancy     | 2 5 |  5.9
Spellcasting   | |  2.4

Action                   |  1- 3 |  4- 6 |  7- 9 || total
-------------------------+-------+-------+-------++-------
Melee: Unarmed           |    33 |    89 |    44 ||   166
       Bite              |     2 |    15 |     5 ||    22
       Punch             |     1 |     1 |     4 ||     6
 Cast: Foxfire           |    32 |    54 |    33 ||   119
       Scorch            |     7 |    35 |    11 ||    53
       Static Discharge  |     8 |    23 |    13 ||    44
       Dispel Undead     |       |     2 |     6 ||     8
  Use: Scroll            |     2 |     6 |     1 ||     9
       Potion            |       |     2 |    10 ||    12
 Stab: Sleeping          |     3 |     5 |     1 ||     9
Armor: Skin              |     9 |    14 |    15 ||    38
Dodge: Dodged            |    48 |   121 |   117 ||   286
